 Dungeon Crawl Stone Soup version 0.24-a0-509-ga1643a6 (webtiles) character file.

Game seed: 14042858184971447774

4781 sighowe the Shield-Bearer (level 10, -1/63 HPs)
             Began as a Deep Dwarf Fighter on July 19, 2019.
             Was an Elder of Hepliaklqana.
             Slain by an orc warrior
             ... wielding a +0 halberd
              (23 damage)
             ... in a bailey.
             The game lasted 00:34:25 (6640 turns).

sighowe the Shield-Bearer (Deep Dwarf Fighter)      Turns: 6640, Time: 00:34:27

Health: -1/63      AC: 11    Str: 27    XL:     10   Next: 23%
Magic:  6/8        EV: 14    Int: 12    God:    Hepliaklqana [****..]
Gold:   1189       SH:  0    Dex: 12    Spells: 10/11 levels left

rFire    . . .     SeeInvis .   E - +0 trident (venom)
rCold    . . .     Gourm    .   (no shield)
rNeg     . . .     Faith    .   I - +2 robe "Qiusouj" {+Inv}
rPois    .         Spirit   .   D - +0 helmet
rElec    .         Reflect  .   t - +0 cloak
rCorr    .         Harm     .   C - +2 pair of gloves
MR       ++...                  c - +0 pair of boots
Stlth    +++.......             (no amulet)
HPRegen  0.00/turn              s - +5 ring of strength
MPRegen  0.11/turn              r - ring of protection from magic

@: very slightly contaminated, non-regenerating
A: damage resistance, heal wounds, reduced essence, clever 1, frail 2, sense
surroundings 2, MP-powered wands, no regeneration
a: Heal Wounds, Recall Ancestor, Ancestor Identity, Transference, Idealise,
Renounce Religion, Evoke Invisibility


You were in a bailey.
You worshipped Hepliaklqana.
Hepliaklqana was greatly pleased with you.
You were not hungry.

You visited 1 branch of the dungeon, and saw 9 of its levels.
You also visited: Sewer and Bailey.

You collected 1189 gold pieces.

Inventory:

Hand Weapons
 o - a +3 quarterstaff of chaos
 z - a +2 flail of protection
 E - a +0 trident of venom (weapon)
 H - a +0 falchion of slicing
Missiles
 a - 109 arrows
 e - 4 poisoned darts (quivered)
 g - a boomerang
Armour
 c - a +0 pair of boots (worn)
 h - a +1 troll leather armour {Purgy}
 q - a +0 shield
 t - a +0 cloak (worn)
 C - a +2 pair of gloves (worn)
 D - a +0 helmet (worn)
 G - a +2 ring mail of cold resistance
 I - the +2 robe "Qiusouj" (worn) {+Inv}
   (You found it on level 8 of the Dungeon)

   It lets you turn invisible.
Jewellery
 r - a ring of protection from magic (right hand)
 s - a +5 ring of strength (left hand)
Wands
 v - a wand of paralysis (6)
 x - a wand of polymorph (7)
 y - a wand of disintegration (8)
 B - a wand of enslavement (5)
Scrolls
 b - 12 scrolls of identify
 i - 3 scrolls of teleportation
 k - 2 scrolls of enchant weapon
 l - 3 scrolls of blinking
 m - 2 scrolls of fog
 n - 2 scrolls of fear
 u - 3 scrolls of magic mapping
 A - 2 scrolls of remove curse
 J - a scroll of acquirement {unknown}
 K - a scroll of enchant armour
Potions
 d - a potion of might
 j - 3 potions of flight
 p - a potion of agility
 w - 2 potions of brilliance
 F - a potion of magic
Comestibles
 f - 12 rations


   Skills:
 + Level 5.6 Fighting
   Level 3.5 Short Blades
   Level 4.8(6.3) Axes
 + Level 1.8(3.3) Maces & Flails
 + Level 4.9(5.5) Polearms
 + Level 5.3 Throwing
 + Level 5.3 Armour
 + Level 5.3 Dodging
 + Level 5.0 Stealth
 + Level 6.9 Shields
 + Level 1.0 Spellcasting
 + Level 0.8 Conjurations
 + Level 1.3 Evocations


You had 10 spell levels left.
You knew the following spells:

 Your Spells              Type           Power        Failure   Level  Hunger
a - Magic Dart            Conj           #...         22%         1    ##.....

Your spell library contained the following spells:

 Spells                   Type           Power        Failure   Level  Hunger
 Searing Ray              Conj           #.....       32%         2    ###....
 Dazzling Spray           Conj/Hex       #.....       58%         3    ####...
 Iskenderun's Mystic Bla  Conj           #.......     91%         4    #####..
 Force Lance              Conj/Tloc      #.......     94%         4    #####..
 Fulminant Prism          Conj/Hex       #.........   94%         4    #####..


Dungeon Overview and Level Annotations

Branches:
Dungeon (9/15)             Temple (0/1) D:4
   Lair: D:8-11         Orc: D:9-12

Altars:
Fedhas
Hepliaklqana
Kikubaaqudgha
Nemelex Xobeh
Okawaru
Ru
Sif Muna
Trog
Uskayaw
Xom

Annotations:
D:5 Dowan, Duvessa


Innate Abilities, Weirdness & Mutations

You are resistant to damage.
You can heal yourself by infusing magical energy.
You passively map the area around you.
You do not regenerate.
Your life essence is reduced to manifest your ancestor. (-10% HP)
Your mind is acute. (Int +2)
You are very frail. (-20% HP)
You expend magic power (3 MP) to strengthen your wands.


Message History

Wield which item (- for none, * to show all)? (? for menu, Esc to quit)
Okay, then.
Wield which item (- for none, * to show all)? (? for menu, Esc to quit)
Okay, then.
Dunstan points at the orc knight and mumbles some strange words.
The orc knight easily resists.
Casting: Magic Dart (safe; 22% risk of failure)
Confirm with . or Enter, or press ? or * to list all spells.
Aiming: Magic Dart (safe; 22% risk of failure)
Press: ? - help, Shift-Dir - straight line, f/p - orc knight
Aim: an orc knight, wielding a +0 bardiche and wearing a +0 ring mail (lightly wounded, slow, lightly drained)
The magic dart hits the orc warrior but does no damage.
Casting: Magic Dart (safe; 22% risk of failure)
Confirm with . or Enter, or press ? or * to list all spells.
Aiming: Magic Dart (safe; 22% risk of failure)
Press: ? - help, Shift-Dir - straight line, f/p - orc knight
Aim: an orc knight, wielding a +0 bardiche and wearing a +0 ring mail (lightly wounded, slow, lightly drained)
The magic dart hits the orc warrior but does no damage.
The orc warrior hits you from afar with a +0 halberd!!
You die...

### ###
##.###########∩########
#...##@.ooR##...##.....
#...#..≈≈≈..#...#..≈≈≈.
#...#.≈≈.≈≈.......≈≈)≈≈
#...')≈.∩(≈.......≈)∩.≈
#...#)≈≈)≈≈(......≈≈(≈≈
#...#.(≈≈≈.(#...#..≈≈≈.
#...##)((((##.(.##.)(.(
##.###########∩########
### ###


You could see the friendly Dunstan the hexer, an orc knight and an orc warrior.

Vanquished Creatures
  An orc knight (Bailey)
  Maurice (D:8)
  A troll (D:9)
  A hippogriff (D:7)
  Sigmund (D:5)
  A wyvern (D:9)
  An acid dragon (D:9)
  Menkaure (D:5)
  5 orc warriors
  An ice beast (D:7)
  Purgy (Sewer)
  A sky beast (D:9)
  2 ogres
  A phantom (D:7)
  2 bullfrogs (D:7)
  A wyvern zombie (D:6)
  6 killer bees (D:8)
  2 howler monkeys (D:7)
  A centaur zombie (D:9)
  A crimson imp (D:6)
  A jelly (D:6)
  A centaur skeleton (D:3)
  3 hounds (D:9)
  Ijyb (D:3)
  2 worker ants
  A hound zombie (D:7)
  Robin (D:4)
  8 adders
  2 oozes
  An adder zombie (D:7)
  An adder skeleton (D:9)
  3 worms (D:3)
  3 dart slugs (D:1)
  4 leopard geckos
  19 orcs
  6 giant cockroaches
  7 hobgoblins
  8 jackals (D:1)
  10 kobolds
  A quokka (D:2)
  8 bats
  10 frilled lizards
  18 goblins
  A quokka zombie (D:9)
  7 rats
  A fungus (D:1)
160 creatures vanquished.

Vanquished Creatures (collateral kills)
  Grinder (D:4)
  A hungry ghost (D:9)
  Edmund (D:6)
  An ice beast (D:5)
  2 killer bees (D:8)
  A howler monkey (D:7)
  A crimson imp (D:5)
  A centaur zombie (D:8)
  A bullfrog zombie (D:8)
  A hound (D:8)
  Crazy Yiuf (D:4)
  An iguana (D:8)
  3 worker ants
  A hound zombie (D:5)
  A hound skeleton (D:9)
  A howler monkey skeleton (D:7)
  3 adders
  An ooze (D:4)
  2 leopard geckos (D:5)
  An orc (D:4)
  A ball python (Sewer)
  A giant cockroach (D:2)
  9 goblins
  3 hobgoblins
  4 jackals (D:4)
  A quokka (D:4)
  A frilled lizard (Sewer)
  A kobold (D:3)
  2 rats (D:3)
49 creatures vanquished.

Vanquished Creatures (others)
  An orc warrior (Bailey)
  6 hexers
  2 ancestors
  An orc (Bailey)
10 creatures vanquished.

Grand Total: 219 creatures vanquished

Notes
Turn   | Place    | Note
-------+----------+-------------------------------------------
     0 | D:1      | sighowe the Deep Dwarf Fighter began the quest for the Orb.
     0 | D:1      | Reached XP level 1. HP: 20/20 MP: 1/1
   128 | D:1      | Reached XP level 2. HP: 25/27 MP: 2/2
   187 | D:1      | Reached XP level 3. HP: 22/34 MP: 3/3
   961 | D:2      | Reached XP level 4. HP: 37/42 MP: 4/4
  1056 | D:2      | Reached skill level 1 in Dodging
  1075 | D:2      | Found a hazy altar of Hepliaklqana.
  1075 | D:2      | Found a bloodstained altar of Trog.
  1079 | D:2      | Became a worshipper of Hepliaklqana the Forgotten
  1107 | D:2      | Reached skill level 4 in Shields
  1281 | D:2      | Found a deep blue altar of Sif Muna.
  1456 | D:3      | Found a glowing drain.
  1470 | Sewer    | Entered a sewer
  1487 | Sewer    | Noticed Purgy
  1508 | Sewer    | Killed Purgy
  1508 | Sewer    | Reached XP level 5. HP: 43/44 MP: 5/5
  1851 | D:3      | Reached * piety under Hepliaklqana
  1887 | D:3      | Noticed Ijyb
  1904 | D:3      | Killed Ijyb
  1904 | D:3      | Reached XP level 6. HP: 41/50 MP: 6/6
  2357 | D:4      | Reached skill level 1 in Short Blades
  2484 | D:4      | Found a staircase to the Ecumenical Temple.
  2504 | D:4      | Reached ** piety under Hepliaklqana
  2505 | D:4      | Remembered your ancestor Dunstan as a hexer
  2528 | D:4      | Noticed Robin
  2530 | D:4      | Noticed Grinder
  2545 | D:4      | Killed Robin
  2545 | D:4      | Reached skill level 1 in Stealth
  2555 | D:4      | Paralysed by Grinder for 3 turns
  2562 | D:4      | Paralysed by Grinder for 2 turns
  2577 | D:4      | Killed Grinder
  2577 | D:4      | Reached skill level 1 in Throwing
  2577 | D:4      | Reached XP level 7. HP: 43/56 MP: 7/7
  2739 | D:4      | Found a runed translucent door.
  2740 | D:4      | Noticed Crazy Yiuf
  2751 | D:4      | Killed Crazy Yiuf
  2866 | D:4      | Reached skill level 5 in Shields
  3152 | D:5      | Entered Level 5 of the Dungeon
  3492 | D:5      | Noticed Duvessa
  3492 | D:5      | Noticed Dowan
  3525 | D:5      | Gained mutation: Your mind is acute. (Int +2) [potion of
                  | mutation]
  3525 | D:5      | Gained mutation: You are frail. (-10% HP) [potion of
                  | mutation]
  3525 | D:5      | Gained mutation: You are very frail. (-20% HP) [potion of
                  | mutation]
  3525 | D:5      | Gained mutation: You expend magic power (3 MP) to
                  | strengthen your wands. [potion of mutation]
  3640 | D:5      | Noticed Menkaure
  3648 | D:5      | Killed Menkaure
  3648 | D:5      | Reached XP level 8. HP: 28/50 MP: 8/8
  3778 | D:5      | Noticed Sigmund
  3788 | D:5      | Killed Sigmund
  3969 | D:6      | Noticed Edmund
  3996 | D:6      | Killed Edmund
  4014 | D:6      | Found a sparkling altar of Nemelex Xobeh.
  4093 | D:6      | Found a sacrificial altar of Ru.
  4170 | D:6      | Learned a level 1 spell: Magic Dart
  4220 | D:6      | Noticed a +0 hand axe
  4220 | D:6      | Noticed a +0 dagger
  4221 | D:6      | Found a hide-covered altar of Uskayaw.
  4691 | D:7      | You fall into a shaft and drop 1 floor!
  4747 | D:7      | Found a blossoming altar of Fedhas.
  4757 | D:7      | Reached *** piety under Hepliaklqana
  4797 | D:7      | Noticed a hippogriff
  4812 | D:7      | Killed a hippogriff
  4812 | D:7      | Reached skill level 1 in Maces & Flails
  4812 | D:7      | Reached skill level 5 in Armour
  4986 | D:7      | Reached skill level 6 in Shields
  5070 | D:7      | Gained mutation: You passively map the area around you.
                  | [Deep Dwarf growth]
  5070 | D:7      | Reached XP level 9. HP: 19/55 MP: 9/9
  5303 | D:7      | Reached skill level 1 in Polearms
  5474 | D:8      | Noticed Maurice
  5492 | D:8      | Killed Maurice
  5492 | D:8      | Reached skill level 5 in Throwing
  5665 | D:8      | Reached skill level 1 in Spellcasting
  5700 | D:8      | Found an iron altar of Okawaru.
  5763 | D:8      | Got an ichor-stained robe
  5774 | D:8      | Identified the +2 robe "Qiusouj" {+Inv} (You found it on
                  | level 8 of the Dungeon)
  5868 | D:8      | Found a shimmering altar of Xom.
  6003 | D:8      | Reached skill level 5 in Fighting
  6168 | D:9      | Reached **** piety under Hepliaklqana
  6252 | D:9      | Found an ancient bone altar of Kikubaaqudgha.
  6346 | D:9      | Noticed a troll
  6372 | D:9      | Killed a troll
  6406 | D:9      | Reached XP level 10. HP: 51/61 MP: 9/9
  6466 | D:9      | Found a flagged portal.
  6481 | Bailey   | Entered a bailey
  6483 | Bailey   | Noticed an orc knight
  6506 | Bailey   | Reached skill level 5 in Dodging
  6594 | Bailey   | Killed an orc knight
  6594 | Bailey   | Reached skill level 5 in Stealth
  6594 | Bailey   | Reached skill level 1 in Evocations
  6606 | Bailey   | Noticed an orc knight
  6632 | Bailey   | HP: 3/63 [orc knight/+0 bardiche (18)]
  6640 | Bailey   | Slain by an orc warrior

Levels and vault maps discovered:
D:1:      dpeg_cavernosity, layout_basic
D:2:      layout_rooms, led_sif_pool, gammafunk_temple_overflow_wave
D:3:      kennysheep_the_goblin_king, layout_basic,
          cheibrodos_sewer_entry_drain, uniq_ijyb
D:4:      layout_cave_pools, minmay_temple_entry_glassed_door, uniq_grinder,
          uniq_crazy_yiuf_cottage, uniq_robin
D:5:      layout_gridville, first_ration, uniq_duvessa, uniq_sigmund,
          uniq_menkaure
D:6:      layout_basic, lemuel_round_altar, nemelex_xobeh_ov_fountains_minmay,
          dancing_weapons_uskayaw, uniq_edmund
D:7:      layout_rooms, lemuel_round_altar
D:8:      layout_basic, brannock_xom_greatest_gift, overflow_temple_1_default,
          moated_statue, uniq_maurice
D:9:      layout_loops_ring, old_standard_altar, enter_bailey_3
Bailey:   bailey_polearm_4, bailey

Skill      XL: |  1  2  3  4  5  6  7  8  9 10 |
---------------+-------------------------------+-----
Fighting       | 3 4 5 |  5.6
Axes           | 3 4 |  4.8
Dodging        | 1 2 3 4 5 |  5.3
Shields        | 4 5 6 |  6.9
Armour         | 4 5 |  5.3
Short Blades   | 2 3 |  3.5
Stealth        | 1 2 3 4 5 |  5.0
Throwing       | 1 2 4 5 |  5.3
Maces & Flails | 1 |  1.8
Polearms       | 4 |  4.9
Spellcasting   | 1 |  1.0
Evocations     | 1 |  1.3
Conjurations   | |  0.8

Action                   |  1- 3 |  4- 6 |  7- 9 | 10-12 || total
-------------------------+-------+-------+-------+-------++-------
Melee: War axe           |    98 |   131 |       |       ||   229
       Short sword       |       |    91 |    45 |       ||   136
       Flail             |       |       |    25 |       ||    25
       Trident           |       |       |   183 |    44 ||   227
Throw: Boomerang         |       |    34 |    59 |     4 ||    97
       Dart              |       |       |       |    22 ||    22
 Cast: Magic Dart        |       |       |     4 |     2 ||     6
Invok: Ancestor Life: He |       |     1 |       |       ||     1
 Abil: Heal Wounds       |       |     1 |     9 |     7 ||    17
       Evoke Invisibilit |       |       |       |     2 ||     2
  Use: Potion            |     4 |     9 |    11 |     1 ||    25
       Scroll            |     2 |     7 |     4 |       ||    13
 Stab: Sleeping          |       |     1 |     6 |       ||     7
       Confused          |       |       |     2 |       ||     2
       Distracted        |       |       |     1 |       ||     1
       Invisible         |       |       |       |     1 ||     1
  Eat: Chunk             |       |     3 |     9 |       ||    12
       Ration            |       |     1 |     2 |       ||     3
Armor: Scale mail        |    70 |    66 |       |       ||   136
       Troll leather arm |       |    34 |    41 |       ||    75
       Robe              |       |       |    54 |     7 ||    61
Dodge: Dodged            |    45 |    79 |   111 |    57 ||   292
Block: Shield            |    95 |   114 |    68 |       ||   277

Table legend:
 A = Non-vault XP
 B = Vault XP
 C = Vault XP percentage of total XP
 D = Non-vault monster count
 E = Vault monster count
 F = Vault count percentage of total count
                 A         B        C        D         E       F
            +---------+---------+-------+---------+---------+-------
      Total |    4044 |    2787 |  40.8 |     151 |      59 |  28.1
            +---------+---------+-------+---------+---------+-------
        D:1 |      65 |       6 |   8.5 |      33 |       4 |  10.8
        D:2 |     102 |       0 |   0.0 |      30 |       0 |   0.0
        D:3 |      62 |      60 |  49.2 |      10 |      11 |  52.4
        D:4 |     240 |     359 |  59.9 |      19 |      14 |  42.4
        D:5 |     249 |     377 |  60.2 |       7 |       2 |  22.2
        D:6 |     178 |     171 |  49.0 |       5 |       1 |  16.7
        D:7 |    1042 |       0 |   0.0 |      13 |       0 |   0.0
        D:8 |     753 |     449 |  37.4 |      17 |       1 |   5.6
        D:9 |    1353 |       7 |   0.5 |      17 |       4 |  19.0
      Sewer |       0 |     152 | 100.0 |       0 |       8 | 100.0
     Bailey |       0 |    1206 | 100.0 |       0 |      14 | 100.0
            +---------+---------+-------+---------+---------+-------
